 Dungeon Crawl Stone Soup version 0.29.1-4-g47bece8355 (webtiles) character file.

Game seed: 9327257447968620687

679 raph the Arsonist (level 7, 0/37 HPs)
             Began as a Deep Elf Fire Elementalist on Dec 7, 2022.
             Was an Initiate of Elyvilon.
             Slain by a gnoll
             ... wielding a +0 flail
             ... led by a gnoll bouda
              (5 damage)
             ... on level 5 of the Dungeon.
             The game lasted 00:07:22 (6182 turns).

raph the Arsonist (Deep Elf Fire Elementalist)      Turns: 6182, Time: 00:07:23

Health: 0/37       AC:  6    Str:  5    XL:     7   Next: 34%
Magic:  12/14      EV: 11    Int: 22    God:    Elyvilon [......]
Gold:   203        SH:  4    Dex: 15    Spells: 2/12 levels left

rFire   . . .      SeeInvis .   f - +0 rapier
rCold   . . .      Faith    .   m - +0 buckler
rNeg    . . .      Spirit   .   h - +0 leather armour
rPois   .          Reflect  .   e - +0 helmet
rElec   .          Harm     .   (no cloak)
rCorr   .          Rampage  .   n - +1 pair of gloves
Will    .....                   (no boots)
Stlth   ++........              (no amulet)
HPRegen 0.12/turn               (no ring)
MPRegen 0.14/turn               (no ring)

@: weakened
A: no striking features
a: Renounce Religion


You were on level 5 of the Dungeon.
You worshipped Elyvilon.
Elyvilon was noncommittal.
You visited 2 branches of the dungeon, and saw 6 of its levels.

You collected 203 gold pieces.

Inventory:

Hand Weapons
 c - a +0 longbow
 f - a +0 rapier (weapon)
Missiles
 p - 10 boomerangs of dispersal
Armour
 e - a +0 helmet (worn)
 h - a +0 leather armour (worn)
 m - a +0 buckler (worn)
 n - a +1 pair of gloves (worn)
Magical Staves
 d - a staff of death
Jewellery
 a - a ring of ice
Scrolls
 k - a scroll of torment
Potions
 b - a potion of magic
 g - a potion of ambrosia {unknown}
 i - a potion of might {unknown}
 j - 2 potions of heal wounds
 l - a potion of brilliance {unknown}
 o - 3 potions of haste
 r - 7 potions of curing
 s - a potion of resistance


   Skills:
 + Level 0.5 Fighting
 + Level 2.8 Dodging
 - Level 2.4 Stealth
 + Level 0.5 Shields
 + Level 3.4 Spellcasting
 + Level 1.5 Conjurations
 + Level 1.0 Summonings
 * Level 8.8 Fire Magic
 + Level 0.6 Invocations


You had 2 spell levels left.
You knew the following spells:

 Your Spells              Type           Power      Damage    Failure   Level
a - Foxfire               Conj/Fire      100%       2x1d9     3%          1
b - Scorch                Fire           84%        2d9       1%          2
c - Conjure Flame         Conj/Fire      26%        6-21      10%         3
d - Inner Flame           Hex/Fire       23%        N/A       13%         3
e - Summon Small Mammal   Summ           32%        N/A       17%         1

Your spell library contained the following spells:

 Spells                   Type           Power      Damage    Failure   Level
 Flame Wave               Conj/Fire      26%        2d8       32%         4
 Call Canine Familiar     Summ           8%         N/A       45%         3
 Summon Guardian Golem    Hex/Summ       6%         N/A       54%         3


Dungeon Overview and Level Annotations

Branches:
Dungeon (5/15)             Temple (1/1) D:5

Altars:
Ashenzari
Cheibriados
Dithmenos
Elyvilon
Gozag
Makhleb
Okawaru
Qazlal
Ru
Sif Muna
Uskayaw
Vehumet
Wu Jian
Xom
Yredelemnul
The Shining One


Message History

Casting: Scorch (safe; 1% risk of failure)
Confirm with . or Enter, or press ? or * to list all spells.
You conjure some foxfire!
The foxfire hits the gnoll bouda!
The gnoll bouda is moderately wounded.
The foxfire hits the gnoll bouda.
The gnoll bouda is heavily wounded.
You closely miss the gnoll bouda.
The gnoll bouda is heavily wounded.
The gnoll bouda hits you with a +0 club!
The gnoll attacks as you move away! The gnoll hits you with a +0 flail!
The gnoll attacks as you move away! You block the gnoll's attack.
The gnoll bouda attacks as you move away!
The gnoll bouda hits you with a +0 club.
The gnoll bouda gazes fiercely through you!
You feel your attacks grow feeble.
Casting: Foxfire (safe; 3% risk of failure)
Confirm with . or Enter, or press ? or * to list all spells.
You conjure some foxfire!
The foxfire hits the gnoll bouda but does no damage.
The gnoll bouda is heavily wounded.
The foxfire hits the gnoll bouda.
The gnoll bouda is severely wounded.
The gnoll bouda gazes fiercely through you!
You feel as though you will be weak longer.
You block the gnoll's attack.
Okay, then.
Magic courses through your body.
The gnoll is no longer moving quickly.
The gnoll bouda barks out a call to the hunt!
The gnoll picks up the pace!
The gnoll hits you with a +0 flail!
* * * LOW HITPOINT WARNING * * *
The gnoll bouda attacks as you move away!
The gnoll bouda barely misses you.
Casting: Foxfire (safe; 3% risk of failure)
Confirm with . or Enter, or press ? or * to list all spells.
Flames lash the gnoll bouda.
You kill the gnoll bouda!
The gnoll hits you with a +0 flail.
You die...

##### ####### #...# #.....#
#.#.####### #.....#
########.#........
#.....###........#........
#####...........@)............
.................g....>.......
#####.........................
#########.....''.......###
#.....##.§○....# ##
#)....##.#°.####### <#
#.....##...§)!..... .....
####+#####.#...$... ...#.
#.#.).....


You could see a gnoll (swift).

Vanquished Creatures
  An ice beast (D:4)
  An ogre (D:4)
  A phantom (D:5)
  An orc priest (D:5)
  A gnoll bouda (D:5)
  Natasha (thrice) (D:2)
  An iguana (D:5)
  3 orc wizards
  Robin (D:3)
  6 gnolls
  7 adders
  An ufetubus (D:5)
  13 orcs
  5 endoplasms
  3 giant cockroaches
  7 hobgoblins
  4 jackals (D:1)
  8 kobolds
  A quokka (D:4)
  9 ball pythons
  6 bats
  A frilled lizard (D:1)
  13 goblins
  3 rats
100 creatures vanquished.

Vanquished Creatures (others)
  292 foxfires
292 creatures vanquished.

Grand Total: 392 creatures vanquished

Notes
Turn   | Place    | Note
-------+----------+-------------------------------------------
     0 | D:1      | raph the Deep Elf Fire Elementalist began the quest for the
                  | Orb.
     0 | D:1      | Reached XP level 1. HP: 10/10 MP: 6/6
   394 | D:1      | Reached skill level 4 in Fire Magic
   394 | D:1      | Reached XP level 2. HP: 13/15 MP: 1/8
   397 | D:1      | Learned a level 2 spell: Scorch
  1145 | D:2      | Found an iron altar of Okawaru.
  1179 | D:2      | Reached XP level 3. HP: 19/19 MP: 0/9
  1344 | D:2      | Reached skill level 5 in Fire Magic
  1686 | D:2      | Noticed Natasha
  1692 | D:2      | Killed Natasha
  1693 | D:2      | Reached XP level 4. HP: 16/24 MP: 4/10
  1798 | D:2      | Noticed Natasha
  1806 | D:2      | Killed Natasha
  2153 | D:2      | Reached skill level 6 in Fire Magic
  2211 | D:2      | Found a faded altar of an unknown god.
  2473 | D:3      | Learned a level 3 spell: Conjure Flame
  2477 | D:3      | Learned a level 3 spell: Inner Flame
  2517 | D:3      | Found a hide-covered altar of Uskayaw.
  2518 | D:3      | Found a stormy altar of Qazlal.
  2541 | D:3      | You fall into a shaft and drop 1 floor!
  2789 | D:3      | Reached XP level 5. HP: 28/28 MP: 6/11
  2811 | D:3      | Noticed Robin
  2817 | D:3      | Killed Robin
  2987 | D:2      | Noticed Natasha
  3066 | D:2      | Killed Natasha
  3067 | D:2      | Reached skill level 7 in Fire Magic
  3572 | D:3      | Found a shimmering altar of Xom.
  4017 | D:3      | Found an ornate altar of the Wu Jian Council.
  4183 | D:4      | Found a basalt altar of Yredelemnul.
  4236 | D:4      | Found a white marble altar of Elyvilon.
  4426 | D:4      | Became a worshipper of Elyvilon the Healer
  4443 | D:3      | Found an opulent altar of Gozag.
  4443 | D:3      | Found a shadowy altar of Dithmenos.
  4460 | D:4      | Noticed an ice beast
  4466 | D:4      | Killed an ice beast
  4467 | D:4      | Reached XP level 6. HP: 16/32 MP: 2/12
  4847 | D:4      | Reached skill level 8 in Fire Magic
  5110 | D:4      | Found a glowing golden altar of the Shining One.
  5446 | D:5      | Entered Level 5 of the Dungeon
  5447 | D:5      | Found a radiant altar of Vehumet.
  5498 | D:5      | Learned a level 1 spell: Summon Small Mammal
  5512 | D:5      | Reached XP level 7. HP: 36/36 MP: 0/13
  5962 | D:5      | Found a staircase to the Ecumenical Temple.
  5974 | Temple   | Entered the Ecumenical Temple
  6170 | D:5      | Reached skill level 1 in Summonings
  6182 | D:5      | Slain by a gnoll

Illustrated notes

Levels and vault maps discovered:
D:1:      enne_arrival_octagon_isle, layout_basic, minmay_split_cup_small
D:2:      layout_basic, basic_altar, chequers_ecumenical_altar_simple_redux,
          grunt_decor_fettered, supply_closet_lemuel, uniq_natasha
D:3:      layout_basic, nzn_wu_jian_council_hall,
          nicolae_overflow_hidden_temple, mainiacjoe_overflow_small_starburst,
          uniq_robin
D:4:      layout_basic, kennysheep_ying_yang, nicolae_tso_carved_into_rock,
          minmay_misc_feat_chi
D:5:      layout_basic, mainiacjoe_overflow_paths, temple_hall
Temple:   nicolae_temple_ecumenical_triangle

Skill      XL: |  1  2  3  4  5  6  7 |
---------------+----------------------+-----
Fire Magic     | 4 5 6 7 8 |  8.8
Summonings     | 1 |  1.0
Fighting       | |  0.5
Dodging        | |  2.8
Stealth        | |  2.4
Shields        | |  0.5
Spellcasting   | |  3.4
Conjurations   | |  1.5
Invocations    | |  0.6

Action                   |  1- 3 |  4- 6 |  7- 9 || total
-------------------------+-------+-------+-------++-------
Melee: Rapier            |     1 |       |     1 ||     2
 Cast: Foxfire           |    60 |    97 |    16 ||   173
       Scorch            |     5 |    25 |     7 ||    37
       Inner Flame       |       |     2 |     3 ||     5
       Conjure Flame     |       |     2 |       ||     2
  Use: Scroll            |       |     9 |     2 ||    11
       Potion            |       |       |     1 ||     1
Armor: Leather armour    |     4 |     4 |     1 ||     9
       Robe              |     1 |       |       ||     1
Dodge: Dodged            |    10 |     6 |     5 ||    21
Block: Buckler           |     3 |     3 |     3 ||     9
